AoeStats
← 烏雲中

Golden Pit

509053629Analyzed
1v1 RM · 7d ago on Sep 25, 2026· 30m 23s· 2 players
Game mode
Random Map
Map size
Tiny (2 player)
Population
200
Speed
Normal
Resources
Standard
Victory
Conquest
Starting age
Dark Age
Ending age
Imperial Age
RankedLock teamsTeams togetherTeam positionsShared explorationLock speedFull tech treeHidden civsTurbo modeCheats
Victory
Defeat
🇦🇷 Franks · Argentina
1094
+16
🇹🇼 Maya · Taiwan
1102
-16
PedritoFurioso
6:47 Loom
9:30 Feudal Age
12:46 Forging
13:08 Double-Bit Axe
14:04 Scale Barding Armor
19:12 Wheelbarrow
22:47 Castle Age
22:56 Fletching
23:50 Bow Saw
24:27 Bodkin Arrow
24:32 Padded Archer Armor
24:30 Gold Mining
24:28 Town Watch
25:01 Husbandry
25:51 Ballistics
28:11 Iron Casting
28:01 Leather Archer Armor
30:04 Chain Barding Armor
烏雲中
0:26 Loom
9:35 Feudal Age
11:28 Double-Bit Axe
12:11 Horse Collar
20:55 Castle Age
22:38 Fletching
23:49 Bow Saw
25:22 Scale Mail Armor
26:54 Stone Mining
28:35 Wheelbarrow
Connection lost

Rejoining the realm…

Still unreachable

The connection could not be restored.

Session expired

The server has moved on; the page needs a fresh start.